 Dungeon Crawl Stone Soup version 0.14-a0-1413-g94b8a5e (webtiles) character file.

85345 PolkaDot the Slicer (level 15, 0/115 HPs)
             Began as a Vampire Death Knight on Dec 11, 2013.
             Was an Elder of Yredelemnul.
             Slain by an alligator (17 damage)
             ... on Level 4 of the Swamp.
             The game lasted 05:07:27 (38127 turns).

PolkaDot the Slicer (Vampire Death Knight)         Turns: 38127, Time: 05:07:28

HP   0/115       AC 13     Str 10      XL: 15   Next: 35%
MP  29/29        EV 24     Int 13      God: Yredelemnul [****..]
Gold 925         SH  0     Dex 19      Spells:  5 memorised,  3 levels left

rFire  . . .     SeeInvis +     b - +0,+3 scimitar (flame)
rCold  + + .     Clarity  .     K - +0 troll leather armour
rNeg   + + +     Conserve .     (no shield)
rPois  +         rCorr    .     o - +1 dwarf helmet {SInv}
rElec  .         rRot     +     q - +0 orc cloak
SustAb . .       Spirit   .     i - +2 pair of fencer's gloves {EV+3 Dex+3 Acc+8}
rMut   .         Warding  .     k - +1 pair of boots {Fly}
Saprov . . .     Stasis   .     w - amulet of faith
                                u - ring of poison resistance
                                e - ring of sustenance

@: burdened, non-regenerating, flying, very slightly contaminated, slow, quite
resistant to hostile enchantments, unstealthy
A: bottle blood, fangs 3, talons 1, see invisible, (clarity), clumsy 1, (spit
poison 0), weak 1, unbreathing
a: Bat Form, Bottle Blood, Animate Dead, Recall Undead Slaves, Injury Mirror,
Drain Life, Renounce Religion, Stop Flying


You were on level 4 of the Swamp.
You worshipped Yredelemnul.
Yredelemnul was greatly pleased with you.
You were encumbered.
You were bloodless.

You visited 4 branches of the dungeon, and saw 29 of its levels.
You also visited: Sewer and Volcano.

You collected 2885 gold pieces.
You spent 1960 gold pieces at shops.

Inventory:

Hand weapons
 b - a +0,+3 scimitar of flaming (weapon)
 S - the +5,+2 long sword of Lapleo Khyty {slice, Dex+2, unknown}
   (You found it on level 4 of the Swamp)

   It inflicts extra damage upon your enemies.
   It affects your dexterity (+2).
Armour
 i - the +2 pair of fencer's gloves (worn) {EV+3 Dex+3 Acc+8}
   (You bought it in a shop on level 4 of the Orcish Mines)

   It affects your evasion (+3).
   It affects your dexterity (+3).
   It affects your accuracy (+8).
 k - a +1 pair of boots of flying (worn)
 o - a +1 dwarven helmet of see invisible (worn)
 q - a +0 orcish cloak (worn)
 K - a +0 troll leather armour (worn)
Magical devices
 d - a wand of invisibility (2)
 r - a wand of confusion (0)
 s - a wand of invisibility (0)
 x - a wand of frost (2)
 y - a wand of disintegration (2)
 B - a wand of disintegration (14)
 C - a wand of digging (15)
 E - a wand of confusion (0)
 F - a wand of disintegration (16)
 N - a wand of teleportation (3)
 P - a wand of paralysis (9)
 Q - a wand of digging (18)
Scrolls
 c - 2 scrolls of magic mapping
 g - 11 scrolls of remove curse
 z - a scroll of teleportation
 A - 2 scrolls of recharging
 H - a scroll of enchant weapon II
 L - a scroll of torment {unknown}
 M - a scroll of enchant weapon I
 O - 4 scrolls of identify
Jewellery
 e - a ring of sustenance (left hand)
 m - an uncursed ring of protection from cold
 u - a ring of poison resistance (right hand)
 v - an uncursed ring of sustain abilities
 w - an amulet of faith (around neck)
 G - an uncursed ring of regeneration
 I - a +2 ring of intelligence
Potions
 j - a potion of cure mutation
 n - 3 potions of brilliance
 p - a potion of magic
 t - 6 potions of restore abilities
 R - a potion of resistance
Books
 D - a book of Enchantments

   Spells                             Type                      Level
   Cause Fear                         Hexes                        4
   Silence                            Hexes/Air                    5
   Tukima's Dance                     Hexes                        5
   Deflect Missiles                   Charms/Air                   6
   Haste                              Charms                       6
   Discord                            Hexes                        8
Miscellaneous
 f - a box of beasts
Carrion
 T - a swamp drake corpse
Rods
 J - a +0 rod of venom (12/12)
   (You found it on level 6 of the Dungeon)


   Skills:
 - Level 10.0 Fighting
   Level 14.0 Short Blades
 * Level 13.0 Long Blades
 - Level 5.0 Armour
 - Level 11.8 Dodging
 - Level 2.2 Stealth
 + Level 9.1 Charms
 - Level 11.7 Invocations
 - Level 5.9 Evocations


You had 3 spell levels left.
You knew the following spells:

 Your Spells              Type           Power        Failure   Level  Hunger
q - Blink                 Tloc           N/A          47%         2    ###....
r - Regeneration          Chrm/Necr      ##........   14%         3    ####...
x - Freezing Aura         Chrm/Ice       ##........   10%         2    ###....
z - Fire Brand            Chrm/Fire      ##........   10%         2    ###....
D - Repel Missiles        Chrm/Air       ##........   10%         2    ###....


Dungeon Overview and Level Annotations

Branches:
Dungeon (13/16)            Temple (0/1) D:6             Orc (4/4) D:11
    Elf (0/3) Orc:4          Lair (8/8) D:11          Swamp (4/5) Lair:4
 Spider (0/5) Lair:3        Slime (0/6) Lair:7

Altars:
Ashenzari
Elyvilon
Kikubaaqudgha
Nemelex Xobeh
Trog
Vehumet
Beogh

Shops:
D:6 /   D:7 [   Orc:4 [*[=


Innate Abilities, Weirdness & Mutations

You do not heal naturally.
You can bottle blood from corpses.
You have razor-sharp teeth.*
You have supernaturally acute eyesight.
You can survive without breathing.*
You have sharp toenails.*
((You possess an exceptional clarity of mind.))+ You are clumsy. (Dex -2)
((You can spit poison.))+ You are weak. (Str -2)


Message History

Zapping:
P - a wand of paralysis {zapped: 2}
Press: ? - help, Shift-Dir - straight line, f - alligator
Aim: an alligator (lightly wounded, moving somewhat quickly)
The alligator resists.
Your skill with magical items lets you calculate the power of this device...
This wand has 10 charges left.
The alligator slows down.
The alligator bites you!
* * * LOW HITPOINT WARNING * * *
The alligator misses you.
Press: ? - help, v - describe, . - travel
Here: an alligator (lightly wounded) Some shallow water.
Evoke which item? (* to show all) (? for menu, Esc to quit)
Zapping:
P - a wand of paralysis (10)
Press: ? - help, Shift-Dir - straight line, f/p - alligator
Aim: an alligator (lightly wounded)
The alligator easily resists.
This wand has 9 charges left.
The alligator bites you!
You die...
Yredelemnul claims you as an undead slave.

♣♣♣♣♣≈≈≈≈≈ ♣♣♣ ♣≈≈≈.≈...§≈
♣♣♣.. ♣♣♣≈.≈≈≈≈≈♣.≈≈ ≈≈.≈≈≈
♣♣♣..!≈≈≈≈≈≈♣≈≈≈
≈..≈≈≈♣♣♣≈.≈≈≈≈≈≈≈≈≈.≈≈≈
♣♣≈≈.w≈≈≈....≈≈≈.≈≈≈.≈≈.§♣
♣♣♣ .$..≈≈≈≈<..≈..≈♣♣≈≈≈..≈♣♣
♣≈. .≈≈≈≈ww≈≈.≈≈≈≈§♣≈≈≈≈≈≈.♣
♣>≈ .≈≈≈≈≈♣♣♣.≈≈≈§§♣@.≈≈≈≈.♣
♣≈≈ ≈§≈§≈≈.≈..≈≈≈.St♣♣≈....♣
♣..
.≈§♣♣..≈≈≈....≈.§♣♣..≈≈♣♣♣♣♣
♣≈≈
♣≈..≈≈.♣♣♣♣♣♣♣♣.≈≈≈♣♣.≈♣♣♣♣.≈
♣≈≈≈...≈≈♣♣ ♣♣♣≈≈≈≈♣..≈♣♣≈≈≈
♣♣♣≈..≈♣♣♣ ♣♣≈≈...♣§...♣♣≈≈≈
♣♣♣♣♣♣ ♣♣♣♣♣♣.≈≈≈.♣♣♣..≈≈≈≈≈≈
♣♣.§.≈≈≈.≈≈♣♣ ♣♣≈≈≈≈≈≈≈
♣♣≈.≈≈≈≈≈≈..♣ ♣♣♣..≈≈.


You could see an alligator and a water moccasin.

Vanquished Creatures
  Rupert (Swamp:1)
  Snorg (Swamp:3)
  7 hydras
  5 alligators
  An ogre mage (Orc:4)
  3 death yaks (Lair:4)
  A catoblepas (Lair:6)
  A deep troll (D:9)
  The ghost of SkaryMonk the Cleaver, an experienced OpBe of Jiyva (D:7)
  2 swamp dragons (Swamp:2)
  An orc knight (Orc:4)
  A black mamba (Lair:5)
  4 elephants (Lair:3)
  The ghost of Pr0man the Cudgeler, an experienced GrFi (D:6)
  Maurice (Orc:1)
  13 spiny frogs
  A fire drake (Lair:5)
  2 komodo dragons
  8 two-headed ogres (Orc:4)
  3 trolls
  2 fire vortices (Volcano)
  3 giant leeches
  5 slime creatures
  8 blink frogs
  A baby alligator (Swamp:2)
  2 basilisks (Lair:5)
  A wraith (D:7)
  10 sharks
  7 redbacks
  The ghost of Aargh the Slasher, an average MiGl (D:3)
  17 yaks
  2 elephant slugs (Lair:4)
  3 wolves (Lair:8)
  8 hippogriffs
  A fire elemental (Volcano)
  7 vampire mosquitoes
  2 manticores (Lair:5)
  11 orc warriors
  19 swamp worms
  7 swamp drakes
  4 porcupines
  A black bear (Lair:1)
  4 giant goldfish
  A necrophage (D:11)
  2 boring beetles
  4 ice beasts
  3 sky beasts
  A centaur (D:5)
  A tengu (D:9)
  22 ogres
  A lava worm (D:11)
  Sigmund (D:2)
  8 crocodiles
  7 giant slugs
  2 big kobolds
  17 giant frogs
  2 wargs
  A brain worm (Lair:7)
  7 water moccasins
  A gnoll sergeant (D:5)
  4 agate snails
  11 insubstantial wisps
  5 killer bees
  A cyclops skeleton (D:9)
  11 jellyfish
  A crimson imp (D:3)
  7 electric eels
  10 hounds
  12 orc priests
  2 wights
  3 big fish
  21 orc wizards
  2 scorpions
  6 iguanas
  10 worker ants
  9 sheep
  Terence (D:3)
  A hound skeleton (D:6)
  17 adders
  3 giant centipedes
  39 green rats
  4 giant mites
  A goliath beetle zombie (D:8)
  2 worms
  An iguana skeleton (D:10)
  16 giant geckos
  An ooze (D:1)
  80 orcs
  14 bats
  6 giant cockroaches
  18 goblins
  18 hobgoblins
  20 jackals
  12 quokkas
  3 ball pythons
  3 giant newts
  2 goblin skeletons
  11 kobolds
  37 rats
  A rat zombie (D:2)
  A ballistomycete (D:10)
692 creatures vanquished.

Vanquished Creatures (collateral kills)
  Nikola (Swamp:1)
  12 hydras
  3 alligators
  3 death yaks (Lair:7)
  Erica (Swamp:1)
  2 ogre magi (Orc:4)
  Nergalle (Lair:4)
  A deep troll (D:9)
  The ghost of miro the Thaumaturge, an experienced DEWz of Vehumet (Lair:1)
  A swamp dragon (Swamp:1)
  A hill giant (D:11)
  An oklob plant (Lair:7)
  A red wasp (Swamp:1)
  An octopode (D:9)
  4 black mambas
  10 elephants
  17 spiny frogs
  3 fire drakes
  5 komodo dragons
  5 trolls
  Sonja (Swamp:1)
  7 bog bodies
  12 blink frogs
  5 giant leeches
  6 slime creatures
  6 two-headed ogres (Orc:4)
  A wyvern (D:10)
  A baby alligator (Swamp:2)
  5 basilisks
  3 redbacks (Lair:7)
  9 hippogriffs
  5 sharks
  14 yaks
  15 vampire mosquitoes
  Grum (D:5)
  A steam dragon (Lair:6)
  9 swamp worms
  4 manticores (Lair:5)
  3 porcupines
  5 swamp drakes
  An ice beast (D:5)
  5 orc warriors
  12 ogres
  14 giant goldfish
  A tengu (D:9)
  2 wargs
  A centaur (D:9)
  7 crocodiles
  2 giant slugs (Lair:4)
  5 water moccasins
  10 giant frogs
  4 gnoll sergeants (D:5)
  Blork the orc (D:5)
  5 agate snails
  2 jellies
  15 insubstantial wisps
  2 killer bees (D:8)
  2 wights (D:12)
  4 jellyfish
  4 electric eels
  A crimson imp (D:12)
  2 goliath beetles
  A basilisk zombie (D:11)
  3 gnoll shamans (D:5)
  3 iguanas
  7 hounds
  5 orc priests
  10 big fish
  A scorpion (D:9)
  A worker ant (D:7)
  6 orc wizards
  3 hobgoblins
  5 sheep
  Ijyb (D:3)
  A hound skeleton (D:9)
  20 gnolls (D:5)
  5 adders
  A giant centipede (Lair:4)
  15 green rats
  A giant mite (D:5)
  2 worms
  An adder zombie (D:5)
  A grey rat (Sewer)
  32 orcs
  A ball python (D:3)
  A giant cockroach (D:7)
  6 jackals
  3 kobolds
  2 bats
  3 giant newts
  6 goblins
  An orc zombie (D:3)
  3 quokkas
  5 rats
  2 butterflies (D:6)
  3 fungi (Lair:8)
  2 plants
452 creatures vanquished.

Vanquished Creatures (others)
  4 death cobs
  3 skeletal warriors
  3 flayed ghosts
  A spectral orc (Swamp:1)
  4 flaming corpses
  A phantasmal warrior (Swamp:2)
  A spectral ogre (Orc:4)
  5 redback zombies
  3 swamp worm zombies
  A hydra zombie (Lair:3)
  A death yak skeleton (Lair:4)
  A hydra skeleton (Swamp:3)
  12 flying skulls
  A giant leech zombie (Lair:8)
  3 wraiths
  A black mamba zombie (Lair:5)
  An agate snail zombie (Lair:8)
  6 spiny frog zombies
  3 spiny frog skeletons
  3 freezing wraiths
  7 blink frog zombies
  An elephant zombie (Lair:3)
  6 vampire mosquito zombies
  2 blink frog skeletons
  A troll zombie (Swamp:3)
  A fire drake zombie (Lair:8)
  3 komodo dragon zombies
  A giant slug zombie (Lair:5)
  3 manticore zombies (Lair:5)
  4 shark zombies
  7 yak zombies
  3 giant goldfish zombies
  3 hippogriff zombies
  2 wights (D:9)
  2 wolf zombies (Lair:8)
  3 basilisk zombies (Lair:5)
  2 water moccasin zombies
  2 two-headed ogre zombies (Orc:4)
  2 giant frog skeletons
  A black bear zombie (Lair:1)
  4 giant frog zombies
  2 orc wizards
  A porcupine zombie (Lair:6)
  3 bog body skeletons (Swamp:2)
  A warg zombie (Orc:4)
  A porcupine skeleton (Lair:7)
  2 ogre zombies (Orc:4)
  A brain worm zombie (Lair:7)
  4 crocodile zombies
  3 hound zombies
  A swamp drake zombie (Swamp:3)
  A swamp drake skeleton (Swamp:2)
  A worker ant zombie (D:5)
  2 big fish zombies
  19 orc zombies
  3 sheep zombies (Lair:8)
  An adder skeleton (D:5)
  3 adder zombies
  2 electric eel zombies
  2 giant centipede zombies
  A human zombie (D:3)
  An orc skeleton (D:5)
  A sheep skeleton (Lair:1)
  6 bat zombies
  2 chimeras (Swamp:2)
  A jackal (Lair:4)
  2 ball python zombies (D:3)
  3 giant mite zombies
  A giant spore (D:10)
  A goblin skeleton (D:2)
  A goblin zombie (Orc:1)
  17 green rat zombies
  A grey rat skeleton (Sewer)
  2 hobgoblin zombies
  4 jackal zombies
  3 quokka zombies
  A rat skeleton (Lair:2)
  2 rat zombies
  22 fungi
  32 plants
275 creatures vanquished.

Grand Total: 1419 creatures vanquished

Notes
Turn   | Place    | Note
--------------------------------------------------------------
     0 | D:1      | PolkaDot, the Vampire Death Knight, began the quest for the Orb.
     0 | D:1      | Reached XP level 1. HP: 16/16 MP: 1/1
   394 | D:1      | Reached XP level 2. HP: 17/22 MP: 2/2
   618 | D:1      | Reached skill level 3 in Short Blades
   900 | D:1      | Reached XP level 3. HP: 28/28 MP: 4/4
   937 | D:1      | Acquired Yredelemnul's second power
  1619 | D:2      | Reached XP level 4. HP: 21/35 MP: 5/5
  1896 | D:2      | Reached skill level 4 in Short Blades
  2459 | D:3      | Noticed Sigmund
  2501 | D:2      | Killed Sigmund
  2501 | D:2      | Reached XP level 5. HP: 39/42 MP: 4/6
  2878 | D:3      | Noticed Aargh's ghost (average MiGl)
  2893 | D:3      | Your ally Sigmund died
  2922 | D:3      | Killed Aargh's ghost
  2922 | D:3      | Reached skill level 5 in Short Blades
  2922 | D:3      | Reached XP level 6. HP: 21/49 MP: 5/8
  3040 | D:3      | Acquired Yredelemnul's third power
  3041 | D:3      | Noticed Ijyb
  3059 | D:3      | Killed Ijyb
  3210 | D:3      | Noticed Terence
  3242 | D:3      | Killed Terence
  3247 | D:3      | Somebody: Hey. How do you do?
  3247 | D:3      | PolkaDot: Better, I think
  3247 | D:3      | Somebody: I am glad to hear it.
  3247 | D:3      | PolkaDot: taking it slower, using items (like this wand of confusion) more often
  3421 | D:4      | Somebody: Sounds sensible. It's important to remind yourself to be careful, even if everything you see a bit of yellow in the monster pane.
  3426 | D:4      | Somebody: I would know, I have failed to do so a few morgue files too many.
  3426 | D:4      | Somebody: :)
  3426 | D:4      | PolkaDot: I do believe the "almost dead" entry in learndb says "still entirely capable of killing you" ^^;
  3478 | D:3      | Somebody: You are quite right.
  3589 | D:4      | Somebody: I have finished my expedition into the Orc successfully.
  3590 | D:4      | PolkaDot: \o/
  3590 | D:4      | PolkaDot: Orc:4 not too much trouble?
  3602 | D:4      | Somebody: I am now deciding on what spell to get next: Haste and DMsl or Necronomicon.
  3603 | D:4      | Somebody: It have proven to be of surprisingly little resistance.
  3603 | D:4      | Somebody: The Orc have not really planned the layout of their mining operation to make it even barely survivable in the case of a P.Cloud-capable attacker.
  3603 | D:4      | PolkaDot: Ironic, considering they'e the Orcish "Mines" xD
  3698 | D:4      | Somebody: On an unrelated note, are you training S.Blades?
  3703 | D:4      | PolkaDot: of course
  3703 | D:4      | Somebody: (I know I probably would for a bit.)
  3703 | D:4      | Somebody: I could use your opinion on something.
  3703 | D:4      | PolkaDot: I'll get it to 14, for mindelay on cutlass, and switch to Long Blades, probably after Lair
  3703 | D:4      | PolkaDot: oh?
  3703 | D:4      | PolkaDot: I should stop anyways, it be dinner time and I should be not playing xD
  3703 | D:4      | Somebody: See you in a bit.
  4172 | D:4      | Reached skill level 5 in Fighting
  4226 | D:4      | Reached skill level 6 in Short Blades
  4226 | D:4      | Reached XP level 7. HP: 37/56 MP: 9/9
  4276 | D:5      | Entered Level 5 of the Dungeon
  4484 | D:5      | Received a gift from Yredelemnul
  4487 | D:5      | Found a glowing drain.
  4539 | Sewer    | Entered a sewer
  4812 | Sewer    | Reached skill level 7 in Short Blades
  4815 | Sewer    | Acquired Yredelemnul's fourth power
  4947 | Sewer    | Found a white marble altar of Elyvilon.
  5174 | D:5      | Received a gift from Yredelemnul
  5178 | D:5      | Noticed Grum
  5191 | D:5      | Killed Grum
  5191 | D:5      | Reached XP level 8. HP: 39/64 MP: 10/10
  5267 | D:5      | Gained mutation: You are clumsy. (Dex -2) [potion of mutation]
  5267 | D:5      | Gained mutation: You possess an exceptional clarity of mind. [potion of mutation]
  5267 | D:5      | Gained mutation: You are weak. (Str -2) [potion of mutation]
  5310 | D:5      | Noticed Blork the orc
  5326 | D:5      | Killed Blork the orc
  5345 | D:5      | Reached skill level 8 in Short Blades
  5644 | D:5      | Received a gift from Yredelemnul
  5835 | D:5      | Found a radiant altar of Vehumet.
  6012 | D:5      | Gained mutation: You have sharp toenails. [potion of beneficial mutation]
  6013 | D:5      | Gained mutation: You can spit poison. [potion of beneficial mutation]
  6273 | D:6      | Identified a +0 rod of venom (12/12) (You found it on level 6 of the Dungeon)
  6304 | D:6      | Reached skill level 9 in Short Blades
  6314 | D:6      | Found a bloodstained altar of Trog.
  6330 | D:6      | Reached skill level 5 in Dodging
  6473 | D:6      | Found a staircase to the Ecumenical Temple.
  6491 | D:6      | Found a sparkling altar of Nemelex Xobeh.
  6512 | D:6      | Received a gift from Yredelemnul
  6554 | D:6      | Found Caejootz's Magical Wand Shop.
  6561 | D:6      | Bought a wand of paralysis (7) for 99 gold pieces
  6660 | D:6      | Noticed Pr0man's ghost (experienced GrFi)
  6672 | D:6      | Killed Pr0man's ghost
  6672 | D:6      | Reached XP level 9. HP: 61/71 MP: 12/12
  7059 | D:6      | Received a gift from Yredelemnul
  7208 | D:7      | Noticed SkaryMonk's ghost (experienced OpBe)
  7238 | D:7      | Killed SkaryMonk's ghost
  7251 | D:7      | Found Kob Ogim's Antique Armour Shop.
  7578 | D:7      | Reached skill level 10 in Short Blades
  8371 | D:8      | Somebody: Nice company.
  8620 | D:8      | PolkaDot: Yred's servants are awesome
  8642 | D:8      | Acquired Yredelemnul's fifth power
  8673 | D:8      | Reached XP level 10. HP: 67/77 MP: 13/13
  8810 | D:8      | Received a gift from Yredelemnul
  9076 | D:8      | Found an ancient bone altar of Kikubaaqudgha.
  9802 | D:9      | Somebody: I am considering going on the book-destroying selective amnesia spree.
  9803 | D:9      | Somebody: This will without a doubt clear up the spell slots *fast*.
  9803 | D:9      | PolkaDot: :o
  9803 | D:9      | PolkaDot: it will also leave you less versatile and possibly relying more on high-power spells
  9804 | D:9      | Somebody: I have already destroyed my starting book of Conjurations on D:8 this way a bit earlier, now I am thinking about a book of Summoning and Recall.
  9804 | D:9      | PolkaDot: Hrm
  9804 | D:9      | Somebody: Yes, it would. I think I can afford it and it will make me less brittle in emergencies.
  9807 | D:9      | Somebody: I can find Recall in the book of Unlife, should I need it later. It's affordable.
  9807 | D:9      | PolkaDot: Hm. Indeed.
  9820 | D:9      | Noticed an octopode
  9844 | D:9      | Killed an octopode
  9844 | D:9      | Reached skill level 10 in Dodging
 10120 | D:9      | Somebody: See you later, Yredelemnul-a-tor.
 10120 | D:9      | PolkaDot: \o
 10142 | D:9      | Received a gift from Yredelemnul
 10146 | D:9      | Reached skill level 11 in Short Blades
 10216 | D:9      | Received a gift from Yredelemnul
 10256 | D:9      | Reached skill level 5 in Invocations
 10480 | D:9      | Noticed a deep troll
 10480 | D:9      | Noticed a deep troll
 10497 | D:9      | Killed a deep troll
 10503 | D:9      | Killed a deep troll
 10715 | D:9      | Reached XP level 11. HP: 64/83 MP: 18/21
 10892 | D:10     | Entered Level 10 of the Dungeon
 11149 | D:10     | Received a gift from Yredelemnul
 11615 | D:10     | Reached skill level 12 in Short Blades
 11617 | D:10     | You fall through a shaft for 3 floors!
 11617 | D:13     | Noticed a centaur warrior
 12547 | D:10     | Found a shattered altar of Ashenzari.
 12901 | D:11     | Found a staircase to the Orcish Mines.
 12938 | D:11     | Found a staircase to the Lair.
 12953 | D:11     | Received a gift from Yredelemnul
 13107 | D:11     | Noticed an eight-headed hydra
 13116 | D:11     | Killed an eight-headed hydra
 13224 | D:11     | Killed a hill giant
 13325 | Lair:1   | Entered Level 1 of the Lair of Beasts
 14593 | Lair:1   | Received a gift from Yredelemnul
 14799 | Lair:1   | Found a white marble altar of Elyvilon.
 14854 | Lair:1   | Noticed a seven-headed hydra
 14862 | Lair:1   | Killed a seven-headed hydra
 14961 | Lair:1   | Received a gift from Yredelemnul
 15093 | Lair:1   | Noticed miro's ghost (experienced DEWz)
 15099 | Lair:1   | Killed miro's ghost
 15385 | Lair:2   | Reached skill level 1 in Armour
 15491 | Lair:2   | Noticed a seven-headed hydra
 15498 | Lair:2   | Killed a seven-headed hydra
 15664 | Lair:2   | Reached XP level 12. HP: 67/89 MP: 25/25
 15702 | Lair:2   | Reached skill level 13 in Short Blades
 15833 | Lair:2   | Received a gift from Yredelemnul
 16203 | Lair:3   | Found a hole to the Spider Nest.
 16313 | Lair:3   | Reached skill level 10 in Invocations
 16524 | Lair:3   | Got a smoking robe
 16525 | Lair:3   | Identified the +0 robe of Pessimism {rC+} (You found it on level 3 of the Lair of Beasts)
 16531 | Lair:3   | Identified 2 scrolls of acquirement
 16536 | Lair:3   | Got a warped scale mail
 16745 | Lair:3   | Identified the +5 scale mail of Shily {rN+ MR++ Stlth++} (You found it on level 3 of the Lair of Beasts)
 16889 | Lair:3   | Noticed a five-headed hydra
 16920 | Lair:3   | Killed a five-headed hydra
 17849 | Lair:4   | Found a staircase to the Swamp.
 18861 | Lair:4   | Noticed an eight-headed hydra
 19119 | Lair:4   | Noticed Nergalle
 19155 | Lair:4   | HP: 2/89 [black mamba (6)]
 19159 | Lair:4   | Killed Nergalle
 19608 | Lair:5   | TKT: Hey
 19609 | Lair:5   | PolkaDot: hey
 19611 | Lair:5   | TKT: Don't mind me, just checkin out yo pro skills
 19714 | Lair:5   | PolkaDot: :)
 20210 | Lair:5   | Noticed a four-headed hydra
 20212 | Lair:5   | Noticed a seven-headed hydra
 20261 | Lair:5   | Reached skill level 14 in Short Blades
 20271 | Lair:5   | Reached XP level 13. HP: 52/95 MP: 14/28
 21941 | Lair:5   | Noticed a five-headed hydra
 22043 | Lair:6   | Reached skill level 1 in Evocations
 22215 | Lair:6   | Received a gift from Yredelemnul
 22415 | Lair:6   | Learned a level 3 spell: Regeneration
 22418 | Lair:6   | Learned a level 2 spell: Repel Missiles
 23259 | Lair:7   | Reached skill level 5 in Armour
 23898 | Lair:7   | Reached skill level 1 in Charms
 23908 | Lair:7   | Found a staircase to the Slime Pits.
 24247 | Lair:8   | Entered Level 8 of the Lair of Beasts
 24438 | Lair:8   | Received a gift from Yredelemnul
 24498 | Lair:8   | HP: 4/98 [giant frog (3)]
 24542 | Lair:8   | Found a dark tunnel.
 24547 | Volcano  | Entered a volcano
 24842 | Volcano  | HP: 3/99 [fire elemental (5)]
 25352 | Lair:8   | Received a gift from Yredelemnul
 25437 | Lair:8   | Reached skill level 5 in Evocations
 25755 | Lair:8   | Received a gift from Yredelemnul
 26926 | Lair:8   | Received a gift from Yredelemnul
 27559 | Lair:4   | Reached XP level 14. HP: 87/109 MP: 29/29
 27617 | Lair:2   | Learned a level 2 spell: Blink
 27729 | Lair:2   | Learned a level 2 spell: Fire Brand
 27732 | Lair:2   | Learned a level 2 spell: Freezing Aura
 27806 | Orc:1    | Entered Level 1 of the Orcish Mines
 27806 | Orc:1    | Noticed Maurice
 27815 | Orc:1    | Killed Maurice
 27835 | Orc:1    | Reached skill level 5 in Charms
 28095 | Orc:1    | Found a roughly hewn altar of Beogh.
 28646 | Orc:2    | Found a roughly hewn altar of Beogh.
 29180 | Orc:1    | Reached skill level 10 in Fighting
 29818 | Lair:2   | Reached skill level 1 in Long Blades
 29907 | Lair:4   | Killed an eight-headed hydra
 29996 | Lair:5   | Killed a hydra
 30347 | Lair:5   | Received a gift from Yredelemnul
 30591 | Lair:5   | Received a gift from Yredelemnul
 30918 | Lair:5   | Killed a three-headed hydra
 30933 | Lair:5   | Killed a seven-headed hydra
 30934 | Lair:5   | Received a gift from Yredelemnul
 31216 | Lair:5   | Reached skill level 5 in Long Blades
 31928 | D:7      | Bought a pair of warped boots for 195 gold pieces
 31932 | D:7      | Identified the +1 pair of boots of Inviolability {Str+1 Int+3} (You bought it in a shop on level 7 of the Dungeon)
 32105 | Orc:4    | Entered Level 4 of the Orcish Mines
 32117 | Orc:4    | Received a gift from Yredelemnul
 32220 | Orc:4    | Found Cliplarch's Jewellery Boutique.
 32220 | Orc:4    | Found Xoto's General Store.
 32220 | Orc:4    | Found Waxian's Antique Armour Shoppe.
 32221 | Orc:4    | Found Choap's Armour Shop.
 32296 | Orc:4    | Reached skill level 1 in Stealth
 32302 | Orc:4    | Received a gift from Yredelemnul
 32429 | Orc:4    | Bought the +2 pair of fencer's gloves {EV+3 Dex+3 Acc+8} for 1186 gold pieces
 32435 | Orc:4    | Somebody: Hey. I see you are doing quite fine and I see you are still undead.
 32435 | Orc:4    | Somebody: Come see me when you are back if you'd like a diversion — I am about to proceed clearing Elf:3 core vault.
 32435 | Orc:4    | Bought an uncursed amulet of faith for 480 gold pieces
 32480 | Orc:4    | Received a gift from Yredelemnul
 32507 | Orc:4    | Found a staircase to the Elven Halls.
 32851 | Swamp:1  | Entered Level 1 of the Swamp
 33150 | Swamp:1  | Noticed Nikola
 33159 | Swamp:1  | Noticed Rupert
 33168 | Swamp:1  | Killed Nikola
 33252 | Swamp:1  | Paralysed by Rupert for 5 turns
 33351 | Swamp:1  | Paralysed by Rupert for 6 turns
 33389 | Swamp:1  | Killed Rupert
 33427 | Swamp:1  | Noticed Sonja
 33452 | Swamp:1  | Killed Sonja
 33545 | Swamp:1  | Noticed Erica
 33566 | Swamp:1  | Reached skill level 10 in Long Blades
 33590 | Swamp:1  | Killed Erica
 33987 | Swamp:2  | Received a gift from Yredelemnul
 34504 | Swamp:2  | Reached XP level 15. HP: 49/115 MP: 29/29
 34575 | Swamp:2  | Somebody: How's your business?
 34575 | Swamp:2  | PolkaDot: A little low on health, but I'll fix that once the wisp's are dealt with
 34578 | Swamp:2  | Somebody: What armour are you wearing?
 34590 | Swamp:2  | PolkaDot: Troll
 34590 | Swamp:2  | Somebody: Ahh. A new tile.
 34590 | Swamp:2  | PolkaDot: yup :)
 34726 | Swamp:2  | Somebody: HEY!
 34727 | Swamp:2  | Somebody: I have seen that today once.
 34727 | Swamp:2  | PolkaDot: I've been lopping hydra heads for a while now
 34727 | Swamp:2  | PolkaDot: Had to use temp flame to begin with
 34727 | Swamp:2  | PolkaDot: before Erica appeared
 34727 | Swamp:2  | PolkaDot: Health is a concern atm though :(
 34727 | Swamp:2  | Somebody: Ahh, lopping. Well, it might still be fairly dangerous.
 34727 | Swamp:2  | PolkaDot: as it is, I agree :)
 34727 | Swamp:2  | Somebody: Maybe batform and heal?
 34954 | Swamp:2  | Somebody: Well, that works, too.
 34954 | Swamp:2  | PolkaDot: too much stuff
 34954 | Swamp:2  | PolkaDot: I really should drop some of it
 34962 | Swamp:2  | Somebody: Yes, you really should. Nice gloves, by the way.
 34969 | Swamp:2  | PolkaDot: They are a nice unrandart :)
 34969 | Swamp:2  | PolkaDot: They only problem with removing hydra heads
 34969 | Swamp:2  | PolkaDot: is no zombie :(
 35179 | Swamp:2  | Somebody: You are right, they make very satisfying minions.
 35197 | Swamp:2  | PolkaDot: ^-^
 35372 | Swamp:2  | Somebody: Nice rod, too.
 35372 | Swamp:2  | PolkaDot: yep
 35372 | Swamp:2  | PolkaDot: only just considering it
 35372 | Swamp:2  | PolkaDot: between getting evoc and rP monsters everywhere ^^;
 35373 | Swamp:2  | Somebody: Don't be too long — P.Cloud does not stay good for very long.
 35374 | Swamp:2  | PolkaDot: I know
 35377 | Swamp:2  | Somebody: I think it's perfectly usable at curren evocations.
 35380 | Swamp:2  | Received a gift from Yredelemnul
 35380 | Swamp:2  | PolkaDot: seems to be :p
 35843 | Swamp:2  | Somebody: Careful.
 35843 | Swamp:2  | PolkaDot: mhmm
 35960 | Swamp:3  | Somebody: You don't seem to plan on being undead for a very long. :P
 35961 | Swamp:3  | PolkaDot: Is that right?
 35961 | Swamp:3  | PolkaDot: we'll see
 35961 | Swamp:3  | PolkaDot: I only need one corpse xD
 35995 | Swamp:3  | Somebody: Stab it?
 35995 | Swamp:3  | PolkaDot: maybe
 36334 | Swamp:3  | Somebody: Good job. I'll leave to have dinner. Don't cease to exist in the meantime. :)
 36335 | Swamp:3  | PolkaDot: I'll try not to ;p
 36605 | Swamp:3  | Noticed Snorg
 36614 | Swamp:3  | Killed Snorg
 37280 | Swamp:3  | Your ally Snorg died
 37875 | Swamp:4  | Received a gift from Yredelemnul
 38075 | Swamp:4  | Got a dazzling long sword
 38127 | Swamp:4  | Slain by an alligator

Action                   |  1- 3 |  4- 6 |  7- 9 | 10-12 | 13-15 || total
-------------------------+-------+-------+-------+-------+-------++-------
Melee: Short sword       |   155 |   307 |   760 |  2105 |  2150 ||  5477
       Scimitar          |       |       |       |       |   354 ||   354
       Long sword        |       |       |       |       |    78 ||    78
       Unarmed           |       |       |       |       |     4 ||     4
 Cast: Fire Brand        |       |       |       |       |    15 ||    15
       Regeneration      |       |       |       |       |    11 ||    11
Invok: Animate Remains   |    13 |    22 |       |       |       ||    35
       Recall Undead Sla |     1 |     6 |     7 |    17 |    20 ||    51
       Animate Dead      |       |     6 |    43 |    72 |   146 ||   267
       Injury Mirror     |       |       |       |     3 |       ||     3
       Enslave Soul      |       |       |       |     2 |     2 ||     4
       Drain Life        |       |       |       |    10 |    40 ||    50
 Abil: Evoke Flight      |       |       |       |     1 |     2 ||     3
       End Transformatio |       |       |       |       |     2 ||     2
       Bat Form          |       |       |       |       |     2 ||     2
       Spit Poison       |       |       |       |       |    15 ||    15
Evoke: Wand              |       |     9 |     3 |    50 |    45 ||   107
       Rod               |       |       |       |       |     3 ||     3
       box of beasts     |       |       |       |       |     2 ||     2
  Use: Potion            |     1 |     4 |     8 |    13 |    16 ||    42
       Scroll            |       |    10 |     9 |    26 |    15 ||    60
 Stab: Sleeping          |       |     3 |     2 |     1 |     2 ||     8
       Confused          |       |     6 |       |     6 |       ||    12
       Distracted        |       |     2 |     2 |    11 |    21 ||    36
       Paralysed         |       |       |       |     4 |     6 ||    10
       Invisible         |       |       |       |    24 |    28 ||    52
       Petrifying        |       |       |       |       |     1 ||     1
       Petrified         |       |       |       |       |     1 ||     1
